Cogmind - Beta 10.1 @@@ ROGUE MODE // 2021.07.14 @ 14:25:52 // Winter2019/RPGLIKE Player: Farfid Result: Destroyed by G-47 Trooper with Particle Gun Performance ------------- Evolutions (3) 1500 Regions Visited (8) 1600 Robots Destroyed (201) 1005 Value Destroyed (7238) 7238 Prototype IDs (16) 320 Alien Tech Used (0) 0 Bonus (4222) 4222 TOTAL SCORE: 15885 Bonus ------- Triggered High Security 500 High Alert Combat Kills 3722 Cogmind --------- Core Integrity 0/1100 Matter 300/300 Energy 150/150 System Corruption 3% Temperature Cool (9) Movement Hovering (66) Location -7/Factory Parts ------- > --- POWER (1) -------- Light Angular Momentum Engine > --- PROPULSION (2) --- Gravmag System Combat Airjet > --- UTILITY (7) ------ Coolant Injector Advanced Terrain Scanner Improved Salvage Targeting Computer Energy Filter Weapon Cycler > --- WEAPON (3) ------- Gatling Laser High-powered Electrolaser > --- INVENTORY (3) ---- Protomatter-42 Protomatter-47 Proton Missile Launcher Peak State ------------ > --- POWER ------------ Light Angular Momentum Engine > --- PROPULSION ------- Gravmag System Combat Airjet > --- UTILITY ---------- Coolant Injector Advanced Terrain Scanner Improved Salvage Targeting Computer Energy Filter Weapon Cycler Maneuvering Thrusters Powered Armor > --- WEAPON ----------- Gatling Laser Gatling Laser High-powered Electrolaser > --- INVENTORY -------- Protomatter Protomatter Proton Missile Launcher [Rating: 53] Favorites ----------- Power Light Angular Momentum Engine Engine Light Angular Momentum Engine Propulsion Combat Airjet Treads Light Treads Leg Aluminum Leg Hover Unit Combat Airjet Utility Maneuvering Thrusters Device Maneuvering Thrusters Storage Compact Matter Pod Processor Improved Salvage Targeting Computer Protection Light Armor Plating Weapon Improved Medium Laser Energy Gun Improved Medium Laser Energy Cannon Beam Cannon Launcher Grenade Launcher Build | -11 -10 -10 -9 -9 -9 -8 -8 -7 ------- Run | Scr Mat Min Mat Min Exi Min Mat Fac Slots Evolved 9 | 2 . . 2 . . 1 1 3 Power . | . . . . . . . . . Propulsion 1 | 1 . . . . . . . . Utility 6 | . . . 1 . . 1 1 3 Weapon 2 | 1 . . 1 . . . . . Parts Attached 40 | 6 2 3 12 . . 3 2 12 Power 2 | 1 . . 1 . . . . . Engine 2 | 1 . . 1 . . . . . Core . | . . . . . . . . . Reactor . | . . . . . . . . . Propulsion 8 | 3 . 1 1 . . . 1 2 Treads 2 | 2 . . . . . . . . Leg 1 | 1 . . . . . . . . Wheel . | . . . . . . . . . Hover 5 | . . 1 1 . . . 1 2 Flight . | . . . . . . . . . Utility 13 | . . 1 3 . . 1 1 7 Device 6 | . . . 1 . . 1 1 3 Storage 1 | . . 1 . . . . . . Processor 1 | . . . . . . . . 1 Hackware . | . . . . . . . . . Protection 5 | . . . 2 . . . . 3 Artifact . | . . . . . . . . . Weapon 17 | 2 2 1 7 . . 2 . 3 Energy Gun 14 | 2 1 . 7 . . 1 . 3 Energy Cannon 2 | . 1 1 . . . . . . Ballistic Gun . | . . . . . . . . . Ballistic Cannon . | . . . . . . . . . Launcher 1 | . . . . . . 1 . . Special Weapon . | . . . . . . . . . Impact Weapon . | . . . . . . . . . Slashing Weapon . | . . . . . . . . . Piercing Weapon . | . . . . . . . . . Special Melee Weapon . | . . . . . . . . . Unidentified Prototypes 1 | . . . . . . . . 1 Parts Lost 3 | . . . . . . . . 3 Power . | . . . . . . . . . Propulsion . | . . . . . . . . . Utility 2 | . . . . . . . . 2 Weapon 1 | . . . . . . . . 1 Highest Loss Streak 2 | . . . . . . . . 2 Average Slot Usage (%) 96 | . 83 93 92 100 100 100 99 99 Engine 11 | . 16 16 14 12 12 11 10 8 Treads 6 | . 33 24 . . . . . . Hover 15 | . . 4 22 25 25 24 21 16 Device 20 | . . . 11 12 12 15 22 36 Storage 2 | . . 13 3 . . . . . Processor 1 | . . . . . . . . 2 Protection 6 | . . . 3 12 12 11 10 7 Energy Gun 26 | . 31 8 26 37 37 35 32 25 Energy Cannon 4 | . 1 23 8 . . . . . Naked Turns . | . . . . . . . . . Heaviest Build 38 | 8 9 12 22 22 22 23 24 38 Greatest Support 45 | 45 45 45 35 35 35 35 35 38 Greatest Overweight (x) 1 | . . . . . . . . 1 Average Overweight (x) . | . . . . . . . . . Largest Inventory Capacity 3 | 1 1 2 2 2 2 2 2 3 Average Capacity 2 | 1 1 1 2 2 2 2 2 2 Most Carried 3 | . 1 2 2 1 1 2 2 3 Average Carried 1 | . . 1 1 1 1 1 1 2 Final Capacity 3 | 1 1 2 2 2 2 2 2 3 Final Carried 3 | . 1 1 2 1 1 2 2 3 Class Distribution -------------------- 39% | Tank 32% | Mutant 27% | Scavenger-Tank Dominant Class ---------------- Mutant | -10/Materials Mutant | -10/Mines Mutant | -9/Materials Tank | -9/Mines Tank | -9/Exiles Tank | -8/Mines Scavenger-Tank | -8/Materials Tank | -7/Factory Resources | -11 -10 -10 -9 -9 -9 -8 -8 -7 ----------- Run | Scr Mat Min Mat Min Exi Min Mat Fac Matter Collected 648 | 239 31 40 120 . . 60 10 148 Remotely . | . . . . . . . . . Salvage Created 8221 | . 117 404 1179 372 . 281 504 5364 Parts 309 | . 10 21 59 15 . 23 21 160 Haulers Intercepted 11 | . 1 . 5 . . . 1 4 Recyclers Shooed . | . . . . . . . . . Parts Field Recycled . | . . . . . . . . . Retrieved Matter . | . . . . . . . . . Parts Self-Destructed . | . . . . . . . . . Prevented . | . . . . . . . . . Kills | -11 -10 -10 -9 -9 -9 -8 -8 -7 ------- Run | Scr Mat Min Mat Min Exi Min Mat Fac Combat Hostiles Destroyed 169 | . 6 14 22 4 . 12 7 104 Guns 136 | . 6 4 15 4 . 7 6 94 Cannons 16 | . . 10 6 . . . . . AOE 10 | . . . 1 . . 5 . 4 Classes Destroyed 16 | . 2 4 2 1 . 2 1 4 Worker 4 | . . . 2 . . . 1 1 Builder 8 | . . . . 1 . 1 . 6 Tunneler 3 | . . . . . . 2 . 1 Hauler 11 | . 1 . 5 . . . 1 4 Recycler 4 | . . 2 . 1 . . . 1 Mechanic 1 | . . . . . . . . 1 Watcher 1 | . . . . . . . 1 . Swarmer 35 | . 6 6 4 . . 3 . 16 Grunt 82 | . . 3 13 4 . 8 3 51 Brawler 6 | . . . . . . . . 6 Duelist 12 | . . . . . . . . 12 Sentry 20 | . . . 5 . . . 4 11 Demolisher 2 | . . 2 . . . . . . Hunter 7 | . . . . . . 1 . 6 Programmer 2 | . . . . . . . . 2 Assembled 3 | . . 3 . . . . . . Best Kill Streak 29 | . 3 4 6 3 . 6 5 29 Combat Bots Only 28 | . 3 3 6 2 . 6 2 28 Max Kills in Single Turn 7 | . 1 1 2 1 . 3 1 7 Gunslinging 1 | . . . 1 . . . . 1 Exploded 3 | . . . 1 . . 3 . 2 Melee . | . . . . . . . . . Uniques/NPCs Destroyed . | . . . . . . . . . Combat | -11 -10 -10 -9 -9 -9 -8 -8 -7 -------- Run | Scr Mat Min Mat Min Exi Min Mat Fac Damage Taken 6349 | . 146 1009 503 133 . 427 324 3807 Core 4608 | . 120 838 400 89 . 297 225 2639 Absorbed by Shields . | . . . . . . . . . Redirected to Core 3616 | . 79 588 317 89 . 247 172 2124 Core Remaining (%) 89 | 100 . 56 . . . 100 100 . Volleys Fired 396 | . 17 42 55 11 . 24 28 219 Largest 3 | . 2 2 3 3 . 3 3 3 Hottest 230 | . 80 120 168 168 . 168 168 230 Shots Fired 1082 | . 34 84 128 33 . 66 84 653 Gun 999 | . 34 33 99 33 . 63 84 653 Cannon 80 | . . 51 29 . . . . . Launcher 3 | . . . . . . 3 . . Special . | . . . . . . . . . Kinetic . | . . . . . . . . . Thermal 1034 | . 34 84 83 33 . 63 84 653 Explosive 3 | . . . . . . 3 . . Electromagnetic 45 | . . . 45 . . . . . Robot Hit Streak 63 | . 6 10 15 13 . 11 13 63 Robot Miss Streak 4 | . 3 2 3 1 . 2 2 4 Penetration Max . | . . . . . . . . . Secondary Targets 21 | . . . 4 . . 2 . 15 Max Gunslinging Chain 1 | . . . 1 . . 1 . 1 Shots Hit Robots 844 | . 23 56 97 20 . 46 59 543 Core Hits 489 | . 8 25 46 8 . 31 18 353 Critical Hits . | . . . . . . . . . Critical Kills . | . . . . . . . . . Critical Parts Destroyed . | . . . . . . . . . Melee Attacks . | . . . . . . . . . Impact . | . . . . . . . . . Slashing . | . . . . . . . . . Piercing . | . . . . . . . . . Sneak Attacks . | . . . . . . . . . Combat Hostiles . | . . . . . . . . . Follow-up Attacks . | . . . . . . . . . Damage Inflicted 18181 | . 227 798 1770 307 . 1125 907 13047 Guns 15804 | . 227 257 1247 307 . 712 907 12147 Cannons 887 | . . 541 346 . . . . . Explosions 1490 | . . . 177 . . 413 . 900 Melee . | . . . . . . . . . Ramming . | . . . . . . . . . Kinetic . | . . . . . . . . . Thermal 16693 | . 227 798 1111 307 . 712 907 12631 Explosive 413 | . . . . . . 413 . . Electromagnetic 1075 | . . . 659 . . . . 416 Impact . | . . . . . . . . . Slashing . | . . . . . . . . . Piercing . | . . . . . . . . . Highest Corruption 3 | . . . . . . . 1 3 Average Corruption 2 | . . . . . . . 1 2 Corruption Purged . | . . . . . . . . . Effects 32 | . . . . . . . 1 31 Message Errors 5 | . . . . . . . . 5 Matter Fused 3 | . . . . . . . . 3 Heat Flow Errors 1 | . . . . . . . . 1 Energy Discharges 4 | . . . . . . . . 4 Data Loss (minor) 2 | . . . . . . . . 2 Targeting Errors 16 | . . . . . . . 1 15 Weapon Failures 1 | . . . . . . . . 1 Overload Shots . | . . . . . . . . . Overflow Damage 61 | . . . 5 . . . . 56 Projectiles . | . . . . . . . . . Explosions 61 | . . . 5 . . . . 56 Melee . | . . . . . . . . . Knockbacks . | . . . . . . . . . Impact . | . . . . . . . . . Kinetic . | . . . . . . . . . Secondary . | . . . . . . . . . Self-Inflicted Damage . | . . . . . . . . . Shots . | . . . . . . . . . Rammed . | . . . . . . . . . Targets Rammed . | . . . . . . . . . Kicked . | . . . . . . . . . Crushed . | . . . . . . . . . Highest Temperature 262 | . . 24 104 189 . 262 . 198 Average Temperature 72 | . . 11 39 64 . 106 . 82 Received Heat Transfer 2220 | . . 117 201 81 . 234 153 1434 Siege Activations . | . . . . . . . . . Robots Corrupted . | . . . . . . . . . Combat Hostiles . | . . . . . . . . . Parts Fried 4 | . . . 2 . . . . 2 Impact Corruptions . | . . . . . . . . . Robots Melted 7 | . . . . . . . 1 6 Combat Hostiles 7 | . . . . . . . 1 6 Parts Melted 118 | . 1 3 6 4 . 4 7 93 Heat Transferred 31176 | . 500 1722 2198 666 . 1554 1961 22575 Parts Sabotaged . | . . . . . . . . . Parts Stolen . | . . . . . . . . . Parts Stripped . | . . . . . . . . . Power Chain Reactions 4 | . . . 2 . . . . 2 Missiles Intercepted . | . . . . . . . . . Alert | -11 -10 -10 -9 -9 -9 -8 -8 -7 ------- Run | Scr Mat Min Mat Min Exi Min Mat Fac Peak Influence 3285 | . 192 179 551 300 . 318 352 3285 Initial 175 | . . 16 69 175 . . 45 159 Average 644 | . 64 99 288 233 . 189 196 1317 Maximum Alert Level 5 | . . . 2 1 . 1 1 5 Low Security (%) 36 | 100 100 100 10 24 . 50 48 2 Level 1 23 | . . . 68 75 . 49 51 6 Level 2 5 | . . . 20 . . . . 8 Level 3 16 | . . . . . . . . 39 Level 4 7 | . . . . . . . . 17 Level 5 . | . . . . . . . . 1 High Security 10 | . . . . . . . . 25 Max Security . | . . . . . . . . . Squads Dispatched 36 | . 1 . 6 . . . 1 28 Investigation 14 | . 1 . 4 . . . . 9 Extermination 2 | . . . . . . . . 2 Reinforcement 4 | . . . 2 . . . 1 1 Assault 15 | . . . . . . . . 15 Garrison 1 | . . . . . . . . 1 Intercept . | . . . . . . . . . Construction Impeded . | . . . . . . . . . Haulers Reinforced 1 | . . . . . . . . 1 Stealth | -11 -10 -10 -9 -9 -9 -8 -8 -7 --------- Run | Scr Mat Min Mat Min Exi Min Mat Fac Distress Signals 7 | . . 1 4 . . . 2 . Communications Jammed . | . . . . . . . . . Distress Signals . | . . . . . . . . . Times Spotted 236 | . 11 14 34 4 . 13 10 150 Peak Tracking Total 19 | . 3 3 7 2 . 6 2 19 Tactical Retreats 12 | . 1 . 2 . . . . 9 Traps | -11 -10 -10 -9 -9 -9 -8 -8 -7 ------- Run | Scr Mat Min Mat Min Exi Min Mat Fac Traps Triggered 3 | . . . 2 . . . . 1 Indirectly . | . . . . . . . . . Trap Hack Attempts . | . . . . . . . . . Triggered . | . . . . . . . . . Disarmed . | . . . . . . . . . Reprogrammed . | . . . . . . . . . Reused . | . . . . . . . . . Traps Extracted . | . . . . . . . . . Installed . | . . . . . . . . . Triggered . | . . . . . . . . . Machines | -11 -10 -10 -9 -9 -9 -8 -8 -7 ---------- Run | Scr Mat Min Mat Min Exi Min Mat Fac Machines Disabled 25 | . . 1 1 1 . . 1 21 Max in Single Turn 13 | . . 1 1 1 . . 1 13 Garrison Access 2 | . . . . . . . . 2 Machines Sabotaged . | . . . . . . . . . Garrisons Compromised . | . . . . . . . . . Overloaded Fab Kills . | . . . . . . . . . Fab Network Shutdowns . | . . . . . . . . . Hacking | -11 -10 -10 -9 -9 -9 -8 -8 -7 --------- Run | Scr Mat Min Mat Min Exi Min Mat Fac Machines Accessed 22 | . 4 . 4 . 1 . 3 10 Terminals 11 | . 3 . 3 . . . 2 3 Fabricators 3 | . . . . . . . . 3 Repair Stations . | . . . . . . . . . Recycling Units 4 | . 1 . 1 . . . . 2 Scanalyzers 1 | . . . . . . . 1 . Garrison Access 2 | . . . . . . . . 2 Total Hacks 50 | . 7 . 7 . 1 . 9 26 Successful 27 | . 6 . 4 . 1 . 6 10 Failed 22 | . 1 . 2 . . . 3 16 Catastrophic 2 | . 1 . . . . . 1 . Database Lockouts 1 | . . . 1 . . . . . Manual 18 | . 3 . 7 . . . . 8 Terminals 30 | . 6 . 6 . . . 7 11 Fabricators 9 | . . . . . . . . 9 Repair Stations . | . . . . . . . . . Recycling Units 5 | . 1 . 1 . . . . 3 Scanalyzers 2 | . . . . . . . 2 . Garrison Access 3 | . . . . . . . . 3 Terminal Hacks 17 | . 5 . 3 . 1 . 4 4 Record 1 | . . . . . 1 . . . Robot Analysis 2 | . 2 . . . . . . . Prototype ID Bank 8 | . 3 . 1 . . . 2 2 Branch Access Points 2 | . . . 1 . . . 1 . Fabricator Index 1 | . . . . . . . . 1 Unreport Threat 1 | . . . 1 . . . . . Locate Traps 1 | . . . . . . . . 1 Recall Reinforcements 1 | . . . . . . . 1 . Fabricator Hacks 1 | . . . . . . . . 1 Load Schematic 1 | . . . . . . . . 1 Repair Station Hacks . | . . . . . . . . . Recycling Unit Hacks . | . . . . . . . . . Scanalyzer 2 | . . . . . . . 2 . Insert Component 1 | . . . . . . . 1 . Analyze 1 | . . . . . . . 1 . Garrison Access Hacks . | . . . . . . . . . Unauthorized Hacks 7 | . 1 . 1 . . . . 5 Terminals 1 | . . . . . . . . 1 Detonate 1 | . . . . . . . . 1 Fabricators . | . . . . . . . . . Repair Stations . | . . . . . . . . . Recycling Units 4 | . 1 . 1 . . . . 2 Tunnel 4 | . 1 . 1 . . . . 2 Scanalyzers . | . . . . . . . . . Garrison Access 2 | . . . . . . . . 2 Jam 2 | . . . . . . . . 2 Data Cores Recovered . | . . . . . . . . . Used . | . . . . . . . . . Hacking Detections 15 | . 3 . 3 . . . 2 7 Full Trace Events 8 | . 1 . 1 . . . 1 5 Feedback Events 3 | . . . . . . . 1 2 Corruption 3 | . . . . . . . 1 2 Feedback Blocked . | . . . . . . . . . Robot Schematics Acquired . | . . . . . . . . . Robots Built . | . . . . . . . . . Matter . | . . . . . . . . . Time . | . . . . . . . . . Total Robot Build Rating . | . . . . . . . . . Part Schematics Acquired 1 | . . . . . . . 1 . Parts Built . | . . . . . . . . . Matter . | . . . . . . . . . Time . | . . . . . . . . . Total Part Build Rating . | . . . . . . . . . Parts Repaired . | . . . . . . . . . Time . | . . . . . . . . . Parts Recycled . | . . . . . . . . . Recycled Matter . | . . . . . . . . . Retrieved Matter . | . . . . . . . . . Retrieved Components . | . . . . . . . . . Parts Scanalyzed 1 | . . . . . . . 1 . Part Schematics Acquired 1 | . . . . . . . 1 . Parts Damaged . | . . . . . . . . . Bothacking | -11 -10 -10 -9 -9 -9 -8 -8 -7 ------------ Run | Scr Mat Min Mat Min Exi Min Mat Fac Used RIF Installer . | . . . . . . . . . Robots Hacked . | . . . . . . . . . Non-combat . | . . . . . . . . . Combat . | . . . . . . . . . Robot Hacks Applied . | . . . . . . . . . Relay Couplers Released . | . . . . . . . . . Robots Rewired . | . . . . . . . . . Allies Hacked . | . . . . . . . . . Hacks Repelled . | . . . . . . . . . Allies | -11 -10 -10 -9 -9 -9 -8 -8 -7 -------- Run | Scr Mat Min Mat Min Exi Min Mat Fac Total Allies 1 | . . 1 . . . . . . Largest Group 1 | . . 1 1 . . . . . Highest-Rated Group 31 | . . 31 31 . . . . . Highest-Rated Ally 31 | . . 31 31 . . . . . Total Orders . | . . . . . . . . . Ally Attacks 5 | . . . 5 . . . . . Total Damage . | . . . . . . . . . Kills . | . . . . . . . . . Allies Corrupted . | . . . . . . . . . Allies Melted . | . . . . . . . . . Intel | -11 -10 -10 -9 -9 -9 -8 -8 -7 ------- Run | Scr Mat Min Mat Min Exi Min Mat Fac Robot Analysis Total 2 | . 2 . . . . . . . Derelict Logs Recovered 4 | . . 1 . 3 . . . . Drone Launches . | . . . . . . . . . Drone Recoveries . | . . . . . . . . . Exploration | -11 -10 -10 -9 -9 -9 -8 -8 -7 ------------- Run | Scr Mat Min Mat Min Exi Min Mat Fac Turns Passed 5138 | 62 571 660 571 416 85 432 243 2098 Spaces Moved 4315 | 37 317 390 447 546 129 475 195 1779 Core 5 | 5 . . . . . . . . Treads 565 | 31 317 217 . . . . . . Legs 1 | 1 . . . . . . . . Wheels . | . . . . . . . . . Hover 3744 | . . 173 447 546 129 475 195 1779 Flight . | . . . . . . . . . Fastest Speed 50 | 50 160 80 66 66 66 66 66 66 Average Speed 79 | 144 160 124 72 66 66 66 66 66 Slowest Speed 160 | 160 160 160 80 66 66 66 66 131 Overloaded Moves . | . . . . . . . . . Propulsion Burnouts . | . . . . . . . . . Robots Hopped . | . . . . . . . . . Cave-ins Triggered . | . . . . . . . . . Exploration Rate (%) 56 | 4 52 89 49 98 49 91 22 52 Regions Visited 8 Branch Regions 4 Pre-discovered Areas 6 | . 1 1 1 . 1 . . 2 Known Exits Taken 2 | . . . 1 . . . 1 . Unknown Exits Taken 6 | 1 1 1 . 1 1 1 . . Scrap Searched 3 | . . 1 . 1 . 1 . . Spaces Dug . | . . . . . . . . . Terrain Destroyed 111 | . . . 6 . . 16 . 89 Melee . | . . . . . . . . . Projectile . | . . . . . . . . . AOE 111 | . . . 6 . . 16 . 89 Terrain Rammed . | . . . . . . . . . Walls Destroyed . | . . . . . . . . . Machines Disabled . | . . . . . . . . . Actions | -11 -10 -10 -9 -9 -9 -8 -8 -7 --------- Run | Scr Mat Min Mat Min Exi Min Mat Fac Total 5180 | 43 347 480 579 577 128 543 247 2236 Wait 170 | . 1 18 26 13 . 8 5 99 Move 4306 | 36 316 389 446 545 128 474 194 1778 Hop . | . . . . . . . . . Pick Up 17 | . 2 1 1 . . 3 2 8 Fast Attach 30 | 6 2 2 9 . . 1 1 9 Attach 3 | . . 1 . . . . 1 1 Detach 1 | . . . . . . . 1 . Swap 7 | . . . 3 . . 2 . 2 Drop 36 | 1 3 3 9 1 . 2 2 15 Fire 396 | . 17 42 55 11 . 24 28 219 Melee . | . . . . . . . . . Ram . | . . . . . . . . . Kick . | . . . . . . . . . Crush . | . . . . . . . . . Escape Stasis 1 | . . . . . . . . 1 Rewire . | . . . . . . . . . Trap . | . . . . . . . . . Miscellaneous 213 | . 6 24 30 7 . 29 13 104 Route ------- -11/Scrapyard -10/Materials (discovered 2 exits: *Mat / [*Min]) -10/Mines -9/Materials (discovered 4 exits: *Mat x2 / *Min x2) -9/Mines (discovered 3 exits: *Mat x2 / *Exi) -9/Exiles -8/Mines -8/Materials (discovered 2 exits: *Fac x2) -7/Factory (discovered 4 exits: [*Fac x2] / *Sto / [*Low]) History --------- Turn | Location | Event 1 | -11/Scrapyard | Upgraded with Propulsion slot (x1) 1 | -11/Scrapyard | Upgraded with Weapon slot (x1) 3 | -11/Scrapyard | Discovered new exit (range 16) 63 | -11/Scrapyard | Entered Materials 304 | -10/Materials | Discovered new exit (range 5) 314 | -10/Materials | Build established: Mutant 521 | -10/Materials | Discovered new exit (range 15) 634 | -10/Materials | Entered Mines 640 | -10/Mines | Reached level 2 711 | -10/Mines | Assembled infested the area 777 | -10/Mines | Core integrity fell below 50% 1140 | -10/Mines | Escorted by a lone wolf Derelict 1277 | -10/Mines | Discovered new exit (range 8) 1281 | -10/Mines | Received a Rocket Launcher from a helpful Derelict 1294 | -10/Mines | Entered Materials 1294 | -9/Materials | Accompanied by 1 ally 1296 | -9/Materials | Reached level 3 1314 | -9/Materials | Reached level 4 1333 | -9/Materials | Core integrity fell below 50% 1587 | -9/Materials | Discovered new exit (range 15) 1612 | -9/Materials | Reached level 5 1651 | -9/Materials | Upgraded with Weapon slot (x1) 1685 | -9/Materials | Upgraded with Utility slot (x1) 1693 | -9/Materials | Identified exit to Mines 1794 | -9/Materials | Central database locked down 1798 | -9/Materials | Discovered new exit (range 13) 1832 | -9/Materials | Reached level 6 1865 | -9/Materials | Entered Mines 1962 | -9/Mines | Build established: Tank 1976 | -9/Mines | Learned location of 1 exit from Materials 2021 | -9/Mines | Learned 4 Materials zone layouts 2055 | -9/Mines | Discovered new exit (range 5) 2144 | -9/Mines | Discovered new exit (range 10) 2279 | -9/Mines | Deemed a non-threat by the Exiles lab entrance 2279 | -9/Mines | Discovered new exit (range 5) 2281 | -9/Mines | Entered Exiles 2300 | -9/Exiles | Met 8R-AWN 2311 | -9/Exiles | Met EX-HEX 2336 | -9/Exiles | Met EX-DEC 2340 | -9/Exiles | Learned location of Zion (-7) 2360 | -9/Exiles | Discovered new exit (range 10) 2366 | -9/Exiles | Entered Mines 2368 | -8/Mines | Reached level 7 2585 | -8/Mines | Reached level 8 2654 | -8/Mines | Upgraded with Utility slot (x1) 2730 | -8/Mines | Discovered new exit (range 8) 2798 | -8/Mines | Entered Materials 2799 | -8/Materials | Identified exit to Factory 2800 | -8/Materials | Reached level 9 2938 | -8/Materials | Build established: Scavenger-Tank 2964 | -8/Materials | Discovered exit to Factory (range 4) 3011 | -8/Materials | Reached level 10 3019 | -8/Materials | Upgraded with Utility slot (x1) 3041 | -8/Materials | Entered Factory 3042 | -7/Factory | Identified exit to Storage 3043 | -7/Factory | Reached level 11 3244 | -7/Factory | Reached level 12 3287 | -7/Factory | Discovered new exit (range 14) 3328 | -7/Factory | Reached level 13 3407 | -7/Factory | Upgraded with Utility slot (x1) 3428 | -7/Factory | Build established: Tank 3441 | -7/Factory | First assault squad dispatched 3678 | -7/Factory | Discovered new exit (range 17) 3711 | -7/Factory | Upgraded with Utility slot (x1) 3934 | -7/Factory | Reached level 14 4147 | -7/Factory | Discovered new exit (range 20) 4158 | -7/Factory | Garrison activated, responded to threat 4203 | -7/Factory | Reached level 15 4259 | -7/Factory | Upgraded with Utility slot (x1) 4386 | -7/Factory | Found Powered Armor 4448 | -7/Factory | Build established: Scavenger-Tank 4578 | -7/Factory | Reached level 16 4602 | -7/Factory | High security lockdown imminent 4633 | -7/Factory | Destroyed 8 combat bots 4682 | -7/Factory | High security lockdown engaged 4907 | -7/Factory | Reached level 17 4979 | -7/Factory | Destroyed 28 combat bots 5028 | -7/Factory | Core integrity fell below 50% 5100 | -7/Factory | Core integrity fell below 20% 5101 | -7/Factory | Destroyed 16 combat bots 5139 | -7/Factory | Destroyed by G-47 Trooper with Particle Gun Last Messages --------------- 05096_ Slug penetrates H-55 Commando. 05096_ Penetrated by Slug. 05099_ Slug penetrates Wall. 05099_ Powered Armor destroyed. 05102_ Lgt. Nuclear Core melted. 05102_ H-55 Commando destroyed. 05102_ Slug penetrates Wall. 05105_ Penetrated by Slug. 05114_ Melted Assault Rifle. 05114_ Carbon-fiber Leg melted. 05114_ H-55 Commando destroyed. 05118_ Gatling Laser destroyed. 05121_ System corrupted: Matter fused (-5). 05121_ Acquired 5 matter. 05126_ H-55 Commando destroyed. 05128_ C-30 ARC bursts open, deploying its payload. 05128_ G-50 Soldier unfolds itself. 05128_ L-41 Fighter unfolds itself. 05128_ G-47 Trooper unfolds itself. 05128_ M-28 Smith unfolds itself. Map ----- +----------------------------------------------------+ | + # """" """" # # """" | | # # # # """" | | # # ?# # """" | | ####+#### # # #? | | ## # ! # # # | | ## """ # # # ####+#### | | ## """ # ##"#"""#""### | | ## """ ############""""" """"" | | ## ############" !%" """""""" | | ## """ ############" %" """""""%" | | ## """ ########### " " """""""" | | ## """ ########### " " """"""" % | | ##! ############" " | | ## """ ########### "# | | ## """ ############ "#[] !== | | ## """ ############ "#[! !== | | ##= !############" ## != | | ## ############" ## | | ##################### =*!% [ ## | | ##################### *%g !*%!%+% " ### | | #######################"!g% "%#######+##### | | #####?###################=###= "%""%% # | | #########################%###==! """""""" # | | ##??#####################!###%[=% """"""" # | | #?##?####################*###==%! """"""" # | | ?###?####################@!%g%%!%%""""""" # | | ?#?#?########################!%*% % # | | #############################=%= """" # | | ###??########################[*= """" = # | | ###?#?#######################% ! """" # | | ##?##?####################### """" # | | #??##?####################### [ ! "%" # | | ?#???#?###############################+#### | | ##??#?############################ ! | | ???###??##########################! | | #?#?##?########################### | | #?##?????######################### """ """ """ "" | | ???????#?######################### """ """ """ "" | | ??????????######################## """ """ """ "" | | ???????????########## # | | ????????????######### # """ """ """ "" | | ?????????????######## # """ """ """ "" | | ???????????????###### # """ """ """^"" | | ?????????????????#### =! # | | ?????????????????#?## !! + """ """ """ | | ????????????????????# ! # """ """ """ "T | | ????????????????????# # """ """ """ "" | | ????????????????????# # | | ???????????????##???# # ! | | ????????????????????# #############+### | +----------------------------------------------------+ Best States ------------- Heat Dissipation 86 Coolant Potential 65 Energy Generation 28 Energy Capacity 250 Matter Stores 450 Matter Capacity 450 Sight Range 17 Robot Scan Range 2 Terrain Scan Range 20 Terrain Scan Density 310 Armor Coverage 400 Resistance: KI 20 Resistance: TH 20 Resistance: EX 20 Weapon Cycling 15 Evasion (%) 57 Recoil Reduction 2 Salvage Targeting 2 Offensive Hacking 10 Defensive Hacking 5 Item Schematics ----------------- Cmb. Airjet | -8/Materials | Scanalyzed Robot Schematics ------------------ None Fabricated ------------ Nothing Alien Tech Used ----------------- None Achievements -------------- None Challenges ------------ None RPGLIKE | -11 -10 -10 -9 -9 -9 -8 -8 -7 --------- Run | Scr Mat Min Mat Min Exi Min Mat Fac Levels Raised 16 | . . 1 4 . . 2 2 7 XP Earned 27864 | 3000 985 1895 4788 1075 200 1950 2625 11346 XP Spent 21770 | 2820 . 1500 1840 . . 1120 1920 12570 Upgrades 59 | 13 . 7 5 . . 3 8 23 Propulsion Slot 1 | 1 . . . . . . . . Utility Slot 6 | . . . 1 . . 1 1 3 Weapon Slot 2 | 1 . . 1 . . . . . Core Integrity 10 | 2 . 2 . . . . . 6 Heat Dissipation 10 | 3 . . 2 . . 2 . 3 Energy Generation 2 | . . . 1 . . . . 1 Mass Support 1 | 1 . . . . . . . . Inventory Capacity 3 | 1 . 1 . . . . . 1 Sight Range 1 | . . . . . . . 1 . Sensor Range 1 | . . . . . . . 1 . Terrain Scan Density 3 | . . . . . . . 3 . Ranged Accuracy 4 | 2 . . . . . . . 2 Hack Attack % 2 | . . . . . . . 1 1 Hack Defense % 1 | . . . . . . . 1 . KI Resistance % 4 | 1 . . . . . . . 3 TH Resistance % 4 | 1 . . . . . . . 3 EX Resistance % 4 | . . 4 . . . . . . Protomatter Created 2050 | . 44 175 277 . . 234 101 1219 Integrity Restored 4214 | . 98 513 681 141 . 570 270 1941 Core 3500 | . 93 513 681 71 . 386 225 1531 Parts 714 | . 5 . . 70 . 184 45 410 Protomatter Decayed 485 | . 11 106 . . . 49 . 319 Game ------ Seed HardenedAnalysisNetwork Manual? 0 Play Time 00:47:15 Cumulative 588.4 hours Start 2021.07.14 @ 13:41:29 End 2021.07.14 @ 14:25:52 Sessions 1 Manual Loads 0 Difficulty Rogue Special Mode Winter2019/RPGLIKE Game No. 207 Rogue 207 Adventurer 0 Explorer 0 Win Type - Total 44 Types 25/2/7/4/3/0/2/0/1 Lore% 91 Gallery% 94 Achievement% 85 Wizard Run 0 Options --------- ASCII 0 Keyboard 0 Movement Mouse Keybinds 0 Fullscreen 2 Font 12/Smallcaps Map View 83x54 Tactical HUD 1 Map Filters NONE Filters NONE Steam X RUN: 5ec2c17e-3582-40fd-a14d-c7fe20f4f584